 Dungeon Crawl Stone Soup version 0.28.0-53-g5a82cb258f (webtiles) character file.

Game seed: 11840965079077781460

4 SanguineChosen the Chopper (level 1, 0/20 HPs)
             Began as a Minotaur Berserker on Aug 5, 2022.
             Was a Follower of Trog.
             Slain by a jackal (3 damage)
             ... on level 1 of the Dungeon.
             The game lasted 00:01:21 (35 turns).

SanguineChosen the Chopper (Minotaur Berserker)       Turns: 35, Time: 00:01:22

Health: 0/20       AC:  2    Str: 21    XL:     1   Next: 58%
Magic:  0/0        EV: 12    Int:  4    God:    Trog [*.....]
Gold:   0          SH:  0    Dex:  9    Spells: 0/0 levels left

rFire   . . .      SeeInvis .   a - +0 hand axe
rCold   . . .      Faith    .   (no shield)
rNeg    . . .      Spirit   .   b - +0 animal skin
rPois   .          Reflect  .   (helmet restricted)
rElec   .          Harm     .   (no cloak)
rCorr   .          Rampage  .   (no gloves)
Will    .....                   (no boots)
Stlth   +.........              (no amulet)
HPRegen 0.06/turn               (no ring)
MPRegen 0.07/turn               (no ring)

@: no status effects
A: horns 2, retaliatory headbutt
a: Renounce Religion, Berserk


You were on level 1 of the Dungeon.
You worshipped Trog.
Trog was aware of your devotion.
You visited 1 branch of the dungeon, and saw 1 of its levels.

Inventory:

Hand Weapons
 a - a +0 hand axe (weapon)
Armour
 b - a +0 animal skin (worn)
Potions
 c - a potion of attraction {unknown}


   Skills:
 + Level 3.8 Fighting
 + Level 3.8 Axes
 + Level 2.4 Armour
 + Level 2.2 Dodging


You couldn't memorise any spells.
You didn't know any spells.
Your spell library was empty.

Dungeon Overview and Level Annotations

Branches:
Dungeon (1/15)

Altars:


Innate Abilities, Weirdness & Mutations

You have a pair of horns on your head.
You reflexively headbutt those who attack you in melee.


Message History

You hit the plant. You hit the jackal but do no damage.
The jackal bites you but does no damage.
The jackal bites you.
You closely miss the jackal. You hit the plant.
You hit the jackal but do no damage. The jackal closely misses you.
You furiously retaliate!
You headbutt the jackal.
The jackal closely misses you. x2; The jackal bites you.
You closely miss the jackal.
You headbutt the jackal, but do no damage.
The jackal is moderately wounded.
You barely miss the jackal. You hit the plant.
You hit the jackal but do no damage.
A nearby plant withers and dies.
The jackal bites you.
* * * LOW HITPOINT WARNING * * *
The jackal barely misses you. The jackal closely misses you.
You furiously retaliate!
You headbutt the jackal!
You kill the jackal!
Trog accepts your kill. The jackal bites you.
* * * LOW HITPOINT WARNING * * *
The jackal barely misses you.
You barely miss the jackal.
The jackal is moderately wounded.
You completely miss the jackal. The jackal bites you.
* * * LOW HITPOINT WARNING * * *
The jackal barely misses you. x2; You furiously retaliate!
You headbutt the jackal. The jackal closely misses you.
The jackal bites you but does no damage.
The jackal bites you.
* * * LOW HITPOINT WARNING * * *
The jackal closely misses you. The jackal barely misses you.
The jackal closely misses you.
You slash the jackal!
You kill the jackal!
Trog accepts your kill.
You closely miss the jackal. The jackal barely misses you.
The jackal bites you.
You die...

#≈≈≈≈P.....P≈≈≈≈
#≈≈≈P.......P≈≈≈
#≈≈P.........P≈≈
#≈P...........P≈
.#P.............P
....^.....######.
....##..#.......
##....#.hr#..##
##.#...†@.#..# #
#####.......#
#..##.... ##..
... ### .#


You could see a jackal and a rat.

Vanquished Creatures
  A dart slug (D:1)
  2 jackals (D:1)
  A rat (D:1)
4 creatures vanquished.

Vanquished Creatures (others)
  A plant (D:1)
1 creature vanquished.

Grand Total: 5 creatures vanquished

Notes
Turn   | Place    | Note
-------+----------+-------------------------------------------
     0 | D:1      | SanguineChosen the Minotaur Berserker began the quest for
                  | the Orb.
     0 | D:1      | Reached XP level 1. HP: 19/19 MP: 0/0
    35 | D:1      | Slain by a jackal

Illustrated notes

Levels and vault maps discovered:
D:1:      eino_arrival_druids_welcome, layout_rooms,
          hellmonk_ecumenical_altar_heavens_door

Action                   || total
-------------------------++-------
Melee: Hand axe          ||     7
       Headbutt          ||     4
Armor: Animal skin       ||     3
Dodge: Dodged            ||    16
